 Dungeon Crawl Stone Soup version 0.30-a0-845-g7c6808c8ce (webtiles) character file.

Game seed: 11885463049431082871

84 demibob the Stinger (level 4, 0/30 HPs)
             Began as a Demonspawn Wanderer on Mar 2, 2023.
             Slain by a gnoll
             ... wielding a +0 halberd
              (9 damage)
             ... on level 2 of the Dungeon.
             The game lasted 00:03:04 (1402 turns).

demibob the Stinger (Demonspawn Wanderer)           Turns: 1402, Time: 00:03:05

Health: 0/30       AC:  6    Str: 10    XL:     4   Next: 23%
Magic:  5/5        EV:  8    Int: 19    God:
Gold:   53         SH:  6    Dex: 11    Spells: 5/5 levels left

rFire   . . .      SeeInvis .    g - +4 dagger (vamp)
rCold   . . .      Faith    .    d - +2 buckler {reflect}
rNeg    . . .      Spirit   .    c - +0 scale mail
rPois   .          Reflect  +    (no helmet)
rElec   .          Rampage  .    (no cloak)
rCorr   +                        (no gloves)
Will    .....                    (no boots) Stlth
                                 (no amulet)
HPRegen 0.25/turn                R - ring of resist corrosion
MPRegen 0.09/turn                (no ring)

@: no status effects
A: sturdy frame 1
a: no special abilities


You were on level 2 of the Dungeon.
You visited 1 branch of the dungeon, and saw 2 of its levels.

You collected 53 gold pieces.


Innate Abilities, Weirdness & Mutations

Your movements are slightly less encumbered by armour. (ER -2)


   Skills:
 + Level 1.7 Short Blades
 - Level 1.4 Maces & Flails
 - Level 1.7 Armour
 + Level 2.3 Shields
 - Level 1.0 Spellcasting
 - Level 1.7 Air Magic
 - Level 5.0 Poison Magic


You had 5 spell levels left.
You didn't know any spells.
Your spell library contained the following spells:

 Spells                   Type           Power      Damage    Failure   Level
 Sting                    Tmut/Pois      40%        1d5       30%         1
 Poisonous Vapours        Pois/Air       26%        N/A       32%         2
 Shock                    Conj/Air       16%        1d4       52%         1
 Beastly Appendage        Tmut           0%         N/A       63%         1
 Spider Form              Tmut/Pois      10%        N/A       65%         3
 Olgreb's Toxic Radiance  Pois           19%        N/A       71%         4
 Wereblood                Tmut           0%         N/A       77%         2
 Vhi's Electric Charge    Tloc/Air       8%         N/A       87%         3
 Alistair's Intoxication  Tmut/Pois      6%         N/A       100%        5
 Borgnjor's Vile Clutch   Necr/Erth      0%         N/A       100%        5
 Eringya's Noxious Bog    Tmut/Pois      5%         N/A       100%        6

Inventory:

Hand Weapons
 a - a +0 club
 g - a +4 vampiric dagger (weapon)
Armour
 c - a +0 scale mail (worn)
 d - a +2 buckler of reflection (worn)
Jewellery
 R - a ring of resist corrosion (left hand)
Scrolls
 b - 2 scrolls of fear
 e - a scroll of identify {@r1}
 i - a scroll of teleportation {@r2}
Potions
 f - a potion of attraction

Dungeon Overview and Level Annotations

Branches:
Dungeon (2/15)

Altars:

#...#####...# ###...
#.#.(..##...# #... #.####..#...#
#... #..#
##.#...#################...
#..####..........†..............
#...............###############.
####.####...###†# #. #.# #...#
#.# #. #.####...# #@# #.
#....#...# #g####### #.
####.....# #.#.....# #.
##.######S#.....# #.
#.....##.#.....# #.
#####.##.#.....# #.
#..........##########
####...........gS....
###.....########..


You could see a gnoll and an adder.


Message History

The gnoll hits you with a +0 halberd.
You hit the gnoll.
You feel better.
The gnoll is severely wounded.
The gnoll hits you with a +0 halberd!
* * * LOW HITPOINT WARNING * * *
You are too injured to fight recklessly!
You are too injured to fight recklessly!
You are too injured to fight recklessly!
You are too injured to fight recklessly!
You are too injured to fight recklessly!
You are too injured to fight recklessly!
You are too injured to fight recklessly!
You are too injured to fight recklessly!
You are too injured to fight recklessly!
You are too injured to fight recklessly!
You are too injured to fight recklessly!
You are too injured to fight recklessly!
You are too injured to fight recklessly!
The adder hisses angrily.
You hit the gnoll.
You feel better.
The gnoll is almost dead.
You block the gnoll's attack.
You closely miss the gnoll.
The gnoll is almost dead.
The gnoll hits you with a +0 halberd.
* * * LOW HITPOINT WARNING * * *
You barely miss the gnoll.
The gnoll is almost dead.
The gnoll hits you with a +0 halberd!
You die...

Skill      XL: |  1  2  3 |
---------------+----------+-----
Maces & Flails | 1 |  1.4
Shields        | 1 2 |  2.3
Short Blades   | 1 |  1.7
Armour         | |  1.7
Spellcasting   | |  1.0
Air Magic      | |  1.7
Poison Magic   | |  5.0

Action                     |  1- 3 |  4- 6 || total
---------------------------+-------+-------++-------
  Melee: Club              |    96 |       ||    96
         Dagger            |    92 |    30 ||   122
    Use: Scroll            |     2 |     1 ||     3
 Armour: Scale mail        |    74 |     2 ||    76
  Dodge: Dodged            |    94 |     6 ||   100
  Block: Buckler           |    56 |     7 ||    63
         Reflection        |     1 |       ||     1

Levels and vault maps discovered:
D:1:      dpeg_arrival_water_temple_mockup, layout_loops_cross,
          minmay_misc_feat_rows
D:2:      layout_basic

Notes
Turn   | Place    | Note
-------+----------+-------------------------------------------
     0 | D:1      | demibob the Demonspawn Wanderer began the quest for the
                  | Orb.
     0 | D:1      | demibob set off with the following items: a +0 club, a
                  | scroll of fear, a +0 scale mail; and the following spells
                  | available to memorise: Sting, Poisonous Vapours, Shock,
                  | Olgreb's Toxic Radiance, Vhi's Electric Charge.
     0 | D:1      | Reached XP level 1. HP: 13/13 MP: 2/2
   183 | D:1      | Reached skill level 1 in Maces & Flails
   242 | D:1      | Gained mutation: Your movements are slightly less
                  | encumbered by armour. (ER -2) [demonic ancestry]
   242 | D:1      | Reached XP level 2. HP: 19/19 MP: 3/3
   323 | D:1      | Reached skill level 1 in Shields
   732 | D:1      | Reached XP level 3. HP: 24/24 MP: 4/4
   904 | D:2      | Reached skill level 1 in Short Blades
   905 | D:2      | HP: 1/24 [gnoll/+0 club (7)]
  1016 | D:2      | Reached skill level 2 in Shields
  1189 | D:2      | HP: 2/24 [poisoned by an adder]
  1194 | D:2      | Reached XP level 4. HP: 6/30 MP: 5/5
  1402 | D:2      | Slain by a gnoll

Vanquished Creatures
  2 gnolls (D:2)
  2 adders (D:2)
  A dart slug (D:2)
  6 bats
  4 endoplasms
  4 giant cockroaches
  5 hobgoblins
  A quokka (D:1)
  6 ball pythons (D:1)
  A frilled lizard (D:2)
  2 goblins (D:1)
  5 kobolds
  3 rats
42 creatures vanquished.

Table legend: (Time is in decaauts)
 A = Elapsed time spent in this place.
 B = Non-inter-level travel time spent in this place.
 C = Inter-level travel time spent in this place.
 D = Time resting spent in this place.
 E = Time spent auto-exploring this place.
 F = Levels seen in this place.
 G = Mean time per level.
                   A        B        C        D        E       F      G
               +--------+--------+--------+--------+--------+-----+--------+
         Total |   1426 |   1363 |     63 |    165 |    800 |   2 |  713.0 |
       Dungeon |   1426 |   1363 |     63 |    165 |    800 |   2 |  713.0 |
               +--------+--------+--------+--------+--------+-----+--------+

Top non-repeatable levels by time:
     D:1: 853 daAuts
     D:2: 573 daAuts

Table legend:
 A = Non-vault XP
 B = Vault XP
 C = Vault XP percentage of total XP
 D = Non-vault monster count
 E = Vault monster count
 F = Vault count percentage of total count
                 A         B        C        D         E       F
            +---------+---------+-------+---------+---------+-------
      Total |     120 |       0 |   0.0 |      42 |       0 |   0.0
            +---------+---------+-------+---------+---------+-------
        D:1 |      42 |       0 |   0.0 |      26 |       0 |   0.0
        D:2 |      78 |       0 |   0.0 |      16 |       0 |   0.0
            +---------+---------+-------+---------+---------+-------
